 Dungeon Crawl Stone Soup version 0.29-a0-294-g83ea962da3 (webtiles) character file.

Game seed: 9548528911562290576

522 sanka the Ducker (level 7, -5/60 HPs)
             Began as a Gnoll Monk on Mar 18, 2022.
             Was a Follower of Ru.
             Slain by a gnoll
             ... wielding a +0 halberd
              (7 damage)
             ... on level 5 of the Dungeon.
             The game lasted 00:07:41 (6016 turns).

sanka the Ducker (Gnoll Monk)                       Turns: 6016, Time: 00:07:42

Health: -5/60      AC:  3    Str: 19    XL:     7   Next: 22%
Magic:  10/10      EV: 15    Int:  9    God:    Ru [*.....]
Gold:   178        SH:  0    Dex: 14    Spells: 10/10 levels left

rFire   . . .      SeeInvis .   a - +0 hand axe
rCold   + . .      Faith    .   (no shield)
rNeg    . . .      Spirit   .   b - +0 robe
rPois   .          Reflect  .   (no helmet)
rElec   .          Harm     .   (no cloak)
rCorr   .          Rampage  .   q - +0 pair of gloves
Will    .....                   (no boots)
Stlth   +++.......              (no amulet)
HPRegen 0.20/turn               y - ring of protection from cold
MPRegen 0.12/turn               g - +6 ring of strength

@: no status effects
A: fangs 1, no conjurations magic, no poison magic, no transmutations magic,
strong nose, distributed training
a: Renounce Religion


You were on level 5 of the Dungeon.
You worshipped Ru.
Ru was aware of your devotion.
You visited 2 branches of the dungeon, and saw 6 of its levels.

You collected 178 gold pieces.


Innate Abilities, Weirdness & Mutations

You have very sharp teeth.
You cannot study or cast Conjurations magic.
You cannot study or cast Poison magic.
You cannot study or cast Transmutations magic.
Your uncanny sense of smell can sniff out nearby items.
Your experience applies equally to all skills.


   Skills:
 + Level 7.0 Fighting
 + Level 2.3 Short Blades
 + Level 2.3 Long Blades
 + Level 7.0 Axes
 + Level 2.3 Maces & Flails
 + Level 2.3 Polearms
 + Level 2.3 Staves
 + Level 2.3 Slings
 + Level 2.3 Bows
 + Level 2.3 Crossbows
 + Level 2.3 Throwing
 + Level 2.3 Armour
 + Level 7.0 Dodging
 + Level 4.8 Stealth
 + Level 2.3 Shields
 + Level 2.3 Unarmed Combat
 + Level 2.3 Spellcasting
   Level 0.0 Conjurations
 + Level 1.9 Hexes
 + Level 1.9 Summonings
 + Level 1.9 Necromancy
 + Level 1.9 Translocations
   Level 0.0 Transmutations
 + Level 1.9 Fire Magic
 + Level 1.9 Ice Magic
 + Level 1.9 Air Magic
 + Level 1.9 Earth Magic
   Level 0.0 Poison Magic
 + Level 2.6 Invocations
 + Level 2.3 Evocations


You had 10 spell levels left.
You didn't know any spells.
Your spell library contained the following spells:

 Spells                   Type           Power      Damage    Failure   Level
 Animate Skeleton         Necr           8%         N/A       14%         1
 Pain                     Necr           16%        1d4       14%         1
 Ensorcelled Hibernation  Hex/Ice        8%         N/A       22%         2
 Portal Projectile        Hex/Tloc       8%         N/A       41%         3
 Vampiric Draining        Necr           4%         2d6       41%         3
 Anguish                  Hex/Necr       2%         N/A       82%         4
 Excruciating Wounds      Necr           2%         N/A       99%         5
 Spider Form              Tmut/Pois      Unusable   N/A       N/A         3
 Blade Hands              Tmut           Unusable   N/A       N/A         5

Inventory:

Hand Weapons
 a - a +0 hand axe (weapon)
 r - a +0 halberd
Armour
 b - a +0 robe (worn)
 q - a +0 pair of gloves (worn)
 v - +0 shadow dragon scales
Magical Staves
 e - a staff of fire
Jewellery
 g - a +6 ring of strength (right hand)
 p - a ring of ice
 y - a ring of protection from cold (left hand)
Wands
 d - a wand of mindburst (10)
Scrolls
 h - a scroll of enchant weapon {unknown}
 i - a scroll of acquirement {unknown}
 k - a scroll of magic mapping
 m - a scroll of torment {unknown}
 t - a scroll of amnesia
Potions
 c - 2 potions of ambrosia
 f - 2 potions of brilliance
 j - 2 potions of flight {unknown}
 l - 2 potions of attraction {unknown}
 n - a potion of cancellation {unknown}
 o - 2 potions of berserk rage {unknown}
 s - a potion of haste {unknown}
 u - a potion of lignification {unknown}
 w - a potion of might {unknown}
 x - a potion of curing {unknown}
 z - 2 potions of heal wounds {unknown}

Dungeon Overview and Level Annotations

Branches:
Dungeon (5/15)             Temple (1/1) D:5

Altars:
Ashenzari
Cheibriados
Dithmenos
Elyvilon
Gozag
Kikubaaqudgha
Makhleb
Nemelex Xobeh
Okawaru
Qazlal
Ru
Sif Muna
Trog
Uskayaw
Vehumet
Wu Jian
Xom
Yredelemnul
Zin
The Shining One

Shops:
D:1 (   D:3 (   D:4 *

Annotations:
D:4 Eustachio

........▒▒▒.... ..
.....▒...▒...▒ ... .▒
......▒.....▒ ..▒▒▒.▒
...▒▒▒▒▒.>.▒▒▒▒▒.....▒
......▒.....▒.......▒▒
.....▒...▒...▒.......▒
........▒▒▒....▒.....▒
.......▒.▒.▒..▒▒.)...▒
.........▒...>..gg...▒
......▒..▒...........▒
......▒..............▒
......▒....£..▒▒.....▒
......▒.......▒▒.....▒
......▒..............▒
......▒..............▒
......▒.......<.....▒▒
▒.........


You could see a gnoll.


Message History

The gnoll hits you with a +0 spear.
* * * LOW HITPOINT WARNING * * *
The gnoll closely misses you.
Unknown command.
You closely miss the gnoll.
The gnoll is heavily wounded.
You barely miss the gnoll. The gnoll closely misses you.
The gnoll closely misses you.
Unknown command.
You slash the gnoll!
You kill the gnoll!
You hit the gnoll but do no damage. The gnoll hits you with a +0 halberd!
* * * LOW HITPOINT WARNING * * *
Unknown command.
You slash the gnoll!
The gnoll is severely wounded.
The gnoll hits you with a +0 halberd.
* * * LOW HITPOINT WARNING * * *
Unknown command.
You closely miss the gnoll.
The gnoll is severely wounded.
The gnoll hits you with a +0 halberd.
* * * LOW HITPOINT WARNING * * *
Unknown command.
You hit the gnoll.
The gnoll is almost dead.
The gnoll hits you with a +0 halberd!
You die...

Action                   |  1- 3 |  4- 6 |  7- 9 || total
-------------------------+-------+-------+-------++-------
Melee: Hand axe          |   129 |   155 |    21 ||   305
       Bite              |    11 |    14 |     2 ||    27
       Punch             |     1 |     3 |     1 ||     5
Invok: Sacrifice Arcana  |       |       |     1 ||     1
Evoke: Wand              |       |    11 |       ||    11
  Use: Scroll            |       |     5 |       ||     5
 Stab: Sleeping          |    15 |     5 |     1 ||    21
       Distracted        |       |     1 |       ||     1
Armor: Robe              |    17 |    15 |     2 ||    34
Dodge: Dodged            |    85 |   137 |    15 ||   237

Levels and vault maps discovered:
D:1:      mrwooster_arrival_statue_3, layout_loops_ring, serial_shops, shop,
          minmay_misc_feat_hallway, minmay_surrounded
D:2:      layout_rooms, basic_altar
D:3:      layout_loops_cross, serial_shops, nicolae_shop_window_shopping,
          minmay_door_square, minmay_fractal_squares_gapless_5
D:4:      layout_basic, chequers_serial_rivers_marsh, kennysheep_path_1,
          nicolae_shop_fire_sale [nicolae_sub_dead_trees], uniq_eustachio
D:5:      layout_gridville, minmay_temple_entry_arrows,
          minmay_misc_feat_secret_circle
Temple:   mainiacjoe_temple_big_plus

Notes
Turn   | Place    | Note
-------+----------+-------------------------------------------
     0 | D:1      | sanka the Gnoll Monk began the quest for the Orb.
     0 | D:1      | Reached XP level 1. HP: 23/23 MP: 1/1
    42 | D:1      | Reached XP level 2. HP: 15/29 MP: 2/2
   409 | D:1      | Found Miwehy's Weapon Shoppe.
   773 | D:1      | Reached XP level 3. HP: 34/35 MP: 3/3
  1053 | D:2      | Found a sparkling altar of Nemelex Xobeh.
  1306 | D:2      | Reached skill level 1 in Invocations
  1731 | D:3      | Found Zil Ocki's Antique Weapon Shop.
  1735 | D:3      | Reached skill level 1 in Short Blades
  1735 | D:3      | Reached skill level 1 in Long Blades
  1735 | D:3      | Reached skill level 1 in Maces & Flails
  1735 | D:3      | Reached skill level 1 in Polearms
  1735 | D:3      | Reached skill level 1 in Staves
  1735 | D:3      | Reached skill level 1 in Slings
  1735 | D:3      | Reached skill level 1 in Bows
  1735 | D:3      | Reached skill level 1 in Crossbows
  1735 | D:3      | Reached skill level 1 in Throwing
  1735 | D:3      | Reached skill level 1 in Armour
  1735 | D:3      | Reached skill level 1 in Shields
  1735 | D:3      | Reached skill level 1 in Unarmed Combat
  1735 | D:3      | Reached skill level 1 in Spellcasting
  1735 | D:3      | Reached skill level 1 in Evocations
  1807 | D:3      | Reached XP level 4. HP: 38/41 MP: 5/5
  2236 | D:3      | Reached skill level 1 in Conjurations
  2236 | D:3      | Reached skill level 1 in Hexes
  2236 | D:3      | Reached skill level 1 in Summonings
  2236 | D:3      | Reached skill level 1 in Necromancy
  2236 | D:3      | Reached skill level 1 in Translocations
  2236 | D:3      | Reached skill level 1 in Transmutations
  2236 | D:3      | Reached skill level 1 in Fire Magic
  2236 | D:3      | Reached skill level 1 in Ice Magic
  2236 | D:3      | Reached skill level 1 in Air Magic
  2236 | D:3      | Reached skill level 1 in Earth Magic
  2236 | D:3      | Reached skill level 1 in Poison Magic
  2542 | D:3      | Noticed an ogre
  2838 | D:3      | Identified +0 shadow dragon scales
  3054 | D:4      | Reached XP level 5. HP: 47/47 MP: 6/6
  3532 | D:4      | Noticed Eustachio
  4308 | D:4      | Found Ysaanny's Fire Supplies.
  4311 | D:4      | Noticed an ogre
  4629 | D:3      | Killed an ogre
  4630 | D:3      | Reached skill level 2 in Invocations
  4630 | D:3      | Reached XP level 6. HP: 9/53 MP: 8/8
  4902 | D:4      | Reached skill level 2 in Short Blades
  4902 | D:4      | Reached skill level 2 in Long Blades
  4902 | D:4      | Reached skill level 2 in Maces & Flails
  4902 | D:4      | Reached skill level 2 in Polearms
  4902 | D:4      | Reached skill level 2 in Staves
  4902 | D:4      | Reached skill level 2 in Slings
  4902 | D:4      | Reached skill level 2 in Bows
  4902 | D:4      | Reached skill level 2 in Crossbows
  4902 | D:4      | Reached skill level 2 in Throwing
  4902 | D:4      | Reached skill level 2 in Armour
  4902 | D:4      | Reached skill level 2 in Shields
  4902 | D:4      | Reached skill level 2 in Unarmed Combat
  4902 | D:4      | Reached skill level 2 in Spellcasting
  4902 | D:4      | Reached skill level 2 in Evocations
  4945 | D:4      | HP: 4/53 [ogre/+0 giant club (14)]
  4947 | D:4      | Reached XP level 7. HP: 5/59 MP: 10/10
  5296 | D:5      | Entered Level 5 of the Dungeon
  5327 | D:5      | Reached skill level 7 in Fighting
  5327 | D:5      | Reached skill level 7 in Axes
  5327 | D:5      | Reached skill level 7 in Dodging
  5518 | D:5      | Found a staircase to the Ecumenical Temple.
  5531 | Temple   | Entered the Ecumenical Temple
  5968 | Temple   | Became a worshipper of Ru the Awakened
  5973 | Temple   | Gained mutation: You cannot study or cast Poison magic. [Ru
                  | sacrifice]
  5973 | Temple   | Gained mutation: You cannot study or cast Transmutations
                  | magic. [Ru sacrifice]
  5973 | Temple   | Gained mutation: You cannot study or cast Conjurations
                  | magic. [Ru sacrifice]
  5973 | Temple   | Reduced skill Poison Magic to level 0
  5973 | Temple   | Reduced skill Transmutations to level 0
  5973 | Temple   | Reduced skill Conjurations to level 0
  5973 | Temple   | Reached * piety under Ru
  6013 | D:5      | HP: 6/60 [gnoll/+0 halberd (12)]
  6015 | D:5      | HP: 1/60 [gnoll/+0 halberd (4)]
  6016 | D:5      | Slain by a gnoll

Vanquished Creatures
  3 ogres
  A scorpion (D:5)
  2 orc priests
  5 gnolls
  An adder (D:3)
  2 worms
  4 dart slugs
  5 orcs
  8 ball pythons
  3 bats
  4 endoplasms
  4 giant cockroaches
  5 goblins
  10 hobgoblins
  3 jackals (D:1)
  6 quokkas
  3 frilled lizards
  7 kobolds
  5 rats (D:1)
81 creatures vanquished.
